 Dungeon Crawl Stone Soup version 0.29.1-1-gd02db6906a (webtiles) character file.

Game seed: 12785687723248320248

50918 LustLizard the Brawler (level 14, -2/214 HPs)
             Began as a Troll Fighter on Sept 26, 2022.
             Was a High Priest of Wu Jian.
             Slain by a komodo dragon (15 damage)
             ... on level 3 of the Lair of Beasts.
             The game lasted 00:41:48 (14875 turns).

LustLizard the Brawler (Troll Fighter)             Turns: 14875, Time: 00:41:49

Health: -2/214     AC: 31    Str: 29    XL:     14   Next: 21%
Magic:  13/13      EV:  1    Int:  8    God:    Wu Jian [*****.]
Gold:   1028       SH: 10    Dex:  9    Spells: 13/13 levels left

rFire   . . .      SeeInvis .     - Unarmed
rCold   . . .      Faith    .   Y - +0 kite shield {rPois}
rNeg    . . .      Spirit   .   (body armour currently unavailable)
rPois   +          Reflect  .   (helmet currently unavailable)
rElec   .          Harm     .   (cloak currently unavailable)
rCorr   +          Rampage  .   (gloves unavailable)
Will    ++...      NoTele   +   (boots unavailable)
Stlth   +.........              o - amulet of the acrobat
HPRegen 1.25/turn               P - +4 ring of protection
MPRegen 0.13/turn               X - ring "Qejinuv" {Will+ rCorr Str+2}

@: tree-form, studying Ice Magic
A: stationary, stasis, torment immunity, boosted hp, large, unfitting armour,
(claws 3), regeneration 1, (shaggy fur 1), (tough skin 1)
a: Renounce Religion, Wall Jump, Serpent's Lash, Heavenly Storm


You were on level 3 of the Lair of Beasts.
You worshipped Wu Jian.
Wu Jian was extremely pleased with you.
You were a tree.
You visited 3 branches of the dungeon, and saw 16 of its levels.
You also visited: Sewer, Bailey, Gauntlet and Ice Cave.

You collected 1028 gold pieces.

Inventory:

Missiles
 w - a throwing net
 Q - 29 poisoned darts (quivered)
 T - 3 boomerangs
 W - 3 javelins
Armour
 a - the +2 cloak "Baematy" (melded) {rF+ Regen+ Str+3}
   (You found it in a Gauntlet)

   Str:       It affects your strength (+3).
   rF:        It protects you from fire.
   Regen:     It increases your rate of health regeneration.
 L - a +2 hat of intelligence (melded)
 N - a +1 hat of stealth
 R - +0 acid dragon scales (melded)
 Y - a +0 kite shield of poison resistance (worn)
Jewellery
 j - a ring of see invisible
 o - an amulet of the acrobat (around neck)
 F - a +4 ring of protection
 P - a +4 ring of protection (left branch)
 X - the ring "Qejinuv" (right branch) {Will+ rCorr Str+2}
   (You found it in a Gauntlet)

   [ring of willpower]

   Str:       It affects your strength (+2).
   rCorr:     It protects you from acid and corrosion.
   Will:      It increases your willpower.
Wands
 A - a wand of mindburst (20)
 K - a wand of roots (17)
 O - a wand of charming (1)
 S - a wand of digging (4)
 V - a wand of flame (17)
Scrolls
 c - 3 scrolls of noise {unknown}
 f - 4 scrolls of amnesia {unknown}
 k - 3 scrolls of blinking
 m - a scroll of magic mapping
 n - 7 scrolls of teleportation {unknown}
 p - 3 scrolls of fear
 q - 3 scrolls of enchant weapon
 s - 9 scrolls of fog
 y - 2 scrolls of immolation
 B - a scroll of torment
 G - 2 scrolls of poison
 J - 3 scrolls of enchant armour
Potions
 g - 10 potions of curing
 h - 4 potions of cancellation
 i - 6 potions of mutation
 t - 3 potions of flight
 v - 4 potions of lignification
 x - a potion of magic
 z - 2 potions of heal wounds
 C - 8 potions of haste
 E - 8 potions of brilliance
 I - 2 potions of attraction
 U - 2 potions of invisibility {unknown}
Miscellaneous
 b - a condenser vane
 e - a phial of floods
 Z - a lightning rod (4/4)


   Skills:
 + Level 10.2 Fighting
 + Level 9.0 Dodging
 + Level 11.1 Shields
 * Level 16.3 Unarmed Combat


You had 13 spell levels left.
You didn't know any spells.
Your spell library contained the following spells:

 Spells                   Type           Power      Damage    Failure   Level
 Foxfire                  Conj/Fire      0%         2x1d4     61%         1
 Slow                     Hex            0%         N/A       61%         1
 Ensorcelled Hibernation  Hex/Ice        0%         N/A       75%         2
 Passwall                 Tmut/Erth      0%         N/A       75%         2
 Poisonous Vapours        Pois/Air       0%         N/A       75%         2
 Confusing Touch          Hex            0%         N/A       93%         3
 Conjure Flame            Conj/Fire      0%         6-21      93%         3
 Frozen Ramparts          Ice            0%         1d1       93%         3
 Inner Flame              Hex/Fire       0%         N/A       93%         3
 Ozocubu's Armour         Ice            0%         N/A       93%         3
 Swiftness                Air            0%         N/A       93%         3
 Vampiric Draining        Necr           0%         2d6       93%         3
 Corpse Rot               Necr/Pois/Air  0%         N/A       100%        4
 Flame Wave               Conj/Fire      0%         2d4       100%        4
 Ice Form                 Ice/Tmut       0%         N/A       100%        4
 Summon Ice Beast         Ice/Summ       0%         N/A       100%        4
 Iskenderun's Battlesphe  Conj           0%         2d6       100%        5
 Iron Shot                Conj/Erth      0%         9d1       100%        6
 Ozocubu's Refrigeration  Ice            0%         4d7       100%        7
 Spellforged Servitor     Conj/Summ      0%         N/A       100%        7


Dungeon Overview and Level Annotations

Branches:
Dungeon (12/15)            Temple (1/1) D:6            Lair (3/5) D:11
    Orc (0/2) D:11          Sewer (visited)          Bailey (visited)
  IceCv (visited)         Gauntlet (visited)
  Swamp: Lair:2-3    Shoals: Lair:2-3     Snake: Lair:2-3    Spider: Lair:2-3

Altars:
Ashenzari
Cheibriados
Dithmenos
Elyvilon
Fedhas
Gozag
Hepliaklqana
Kikubaaqudgha
Makhleb
Nemelex Xobeh
Okawaru
Qazlal
Ru
Sif Muna
Trog
Uskayaw
Vehumet
Wu Jian
Xom
Yredelemnul
Zin
The Shining One

Shops:
D:1 :   D:3 (   D:10 :


Innate Abilities, Weirdness & Mutations

You are a tree.
Your roots penetrate the ground, keeping you stationary.
You cannot be teleported.
You are immune to unholy pain and torment.
Your maximum health is greatly increased.
Your equipment is partially melded.
You are too large for most types of armour.
((You have claws for hands.))
Your natural rate of healing is unusually fast.
((You are covered in fur. (AC +1)))
((You have tough skin. (AC +1)))


Message History

The swamp worm bites you but does no damage.
The cane toad stings you but does no damage.
The six-headed hydra bites you.
* * * LOW HITPOINT WARNING * * *
The six-headed hydra bites you but does no damage.
You block the six-headed hydra's attack. x3
The six-headed hydra bites you!
* * * LOW HITPOINT WARNING * * *
You completely miss the six-headed hydra.
The six-headed hydra is almost dead.
You block the komodo dragon's attack.
The swamp worm bites you but does no damage.
The cane toad stings you.
* * * LOW HITPOINT WARNING * * *
You thrash the six-headed hydra!!!
You kill the six-headed hydra!
The Council accepts your kill.
The cane toad stings you but does no damage.
The swamp worm bites you but does no damage.
The komodo dragon bites you but does no damage.
You closely miss the swamp worm.
The swamp worm is severely wounded.
You block the cane toad's attack.
The swamp worm bites you but does no damage.
The komodo dragon bites you but does no damage.
You closely miss the swamp worm.
The swamp worm is severely wounded.
The cane toad stings you.
* * * LOW HITPOINT WARNING * * *
The swamp worm bites you but does no damage.
You hit the swamp worm.
The swamp worm is almost dead.
The komodo dragon bites you but does no damage.
You block the cane toad's attack. The swamp worm bites you!
* * * LOW HITPOINT WARNING * * *
You thrash the swamp worm!!!
You kill the swamp worm!
The Council accepts your kill. The komodo dragon bites you!
You die...

........## ♣.......#
......#..####♣ ♣♣♣§
♣♣......# .....#.#..##.♣♣♣
♣..§ ♣♣........
.....##.#......♣
...♣♣♣♣........#
#...######....♣♣
..~~≈≈♣♣.......# ##..
#......♣♣~~~~~~≈♣♣†.....#
###
####..♣♣≈~~~~~≈≈♣.......#
#..♣♣l†F~~~~≈≈♣........
####.♣♣♣.♣♣♣♣♣♣♣.......#
#.##..<............###.# ...
##............##.#.# ## #..#
###...^......##.######
...###.............#.#
#..P..............###
##................###
#.............∩...#P####
###.................#..#####


You could see a komodo dragon and a cane toad.

Vanquished Creatures
  Gastronok (D:8)
  A frost giant (IceCv)
  A minotaur (Gauntlet)
  A boulder beetle (Lair:3)
  3 hydras
  2 two-headed ogres
  11 death yaks (IceCv)
  4 sixfirhies (Gauntlet)
  An ugly thing (D:12)
  2 cyclopes
  5 elephants (Lair:2)
  5 black mambas
  A torpor snail (Lair:2)
  An ice statue (IceCv)
  3 kobold demonologists
  An unseen horror (D:12)
  3 cane toads
  3 rime drakes (IceCv)
  9 komodo dragons
  4 trolls
  3 hornets (Gauntlet)
  7 polar bears
  5 blink frogs (Lair:2)
  15 dream sheep
  A wraith (D:9)
  A vampire (D:12)
  2 wyverns
  A steam dragon (D:11)
  64 yaks
  11 vampire mosquitoes
  6 basilisks
  2 acid dragons (D:9)
  A swamp worm (Lair:3)
  10 water moccasins
  3 orc warriors
  2 sky beasts (D:7)
  3 ice beasts
  2 black bears (D:4)
  25 wolves
  4 centaurs
  6 kobold brigands
  10 bullfrogs
  6 scorpions
  A necrophage (D:5)
  3 wights (D:8)
  8 killer bees
  4 howler monkeys
  2 jellies (D:4)
  4 hounds
  8 orc priests
  4 gnoll boudas
  2 iguanas
  11 orc wizards
  12 adders
  18 gnolls
  A shadow imp (D:7)
  3 white imps
  4 ufetubi
  2 worms
  60 orcs
  10 ball pythons
  11 endoplasms
  A giant cockroach (D:4)
  13 goblins
  5 hobgoblins
  3 jackals (D:4)
  26 kobolds
  A quokka (D:4)
  4 bats
  13 frilled lizards
  14 rats
500 creatures vanquished.

Vanquished Creatures (collateral kills)
  2 orcs (D:7)
2 creatures vanquished.

Vanquished Creatures (others)
  2 fungi
  5 plants
  6 toadstools (D:4)
13 creatures vanquished.

Grand Total: 515 creatures vanquished

Notes
Turn   | Place    | Note
-------+----------+-------------------------------------------
     0 | D:1      | LustLizard the Troll Fighter began the quest for the Orb.
     0 | D:1      | Reached XP level 1. HP: 22/22 MP: 0/0
   148 | D:1      | Found a faded altar of an unknown god.
   163 | D:1      | Reached XP level 2. HP: 23/29 MP: 1/1
   445 | D:1      | Found Arghunn's Book Shoppe.
   806 | D:2      | Reached XP level 3. HP: 36/36 MP: 2/2
   904 | D:2      | Reached skill level 3 in Unarmed Combat
  1577 | D:3      | Found Annyo's Antique Weapon Emporium.
  1991 | D:3      | Found a glowing silver altar of Zin.
  2084 | D:3      | Reached XP level 4. HP: 44/44 MP: 3/3
  2332 | D:4      | Noticed a scorpion
  2343 | D:4      | Killed a scorpion
  2344 | D:4      | Reached skill level 4 in Unarmed Combat
  2344 | D:4      | Reached XP level 5. HP: 53/53 MP: 4/4
  2451 | D:4      | Noticed a black bear
  2551 | D:4      | Killed a black bear
  2552 | D:4      | Reached skill level 5 in Unarmed Combat
  2552 | D:4      | Reached XP level 6. HP: 46/61 MP: 5/5
  2746 | D:4      | Reached XP level 7. HP: 68/68 MP: 6/6
  3085 | D:5      | Entered Level 5 of the Dungeon
  3201 | D:5      | Reached skill level 6 in Unarmed Combat
  3273 | D:5      | Reached skill level 5 in Shields
  3277 | D:5      | Reached XP level 8. HP: 28/79 MP: 7/7
  3280 | D:5      | Reached skill level 7 in Unarmed Combat
  3878 | D:6      | Reached skill level 5 in Fighting
  3902 | D:6      | Reached skill level 8 in Unarmed Combat
  4153 | D:6      | HP: 4/80 [orc/+0 rapier (4)]
  4170 | D:6      | Found a staircase to the Ecumenical Temple.
  4313 | D:6      | Found a glowing drain.
  4331 | Sewer    | Entered a sewer
  4422 | Sewer    | Reached XP level 9. HP: 87/88 MP: 8/8
  4980 | D:7      | Found a flagged portal.
  5003 | Bailey   | Entered a bailey
  5484 | D:7      | Reached skill level 9 in Unarmed Combat
  5739 | D:7      | Found a glowing golden altar of the Shining One.
  5888 | Temple   | Entered the Ecumenical Temple
  6718 | D:8      | Noticed Gastronok
  6741 | D:8      | Killed Gastronok
  6742 | D:8      | Reached skill level 10 in Unarmed Combat
  6742 | D:8      | Reached XP level 10. HP: 72/100 MP: 9/9
  6810 | D:8      | Found an ornate altar of the Wu Jian Council.
  6856 | D:8      | Became a worshipper of the Wu Jian Council
  7117 | D:8      | Found a sacrificial altar of Ru.
  7403 | D:9      | Noticed a cyclops
  7410 | D:9      | Killed a cyclops
  7436 | D:9      | Reached skill level 11 in Unarmed Combat
  7729 | D:9      | Reached * piety under Wu Jian
  7885 | D:9      | Reached skill level 5 in Dodging
  8402 | D:10     | Entered Level 10 of the Dungeon
  8493 | D:10     | Found a stormy altar of Qazlal.
  8552 | D:10     | Reached XP level 11. HP: 47/109 MP: 10/10
  8822 | D:10     | Found a hide-covered altar of Uskayaw.
  8861 | D:10     | Reached ** piety under Wu Jian
  8899 | D:10     | Found Rubosaps's Book Shoppe.
  8912 | D:10     | Reached skill level 12 in Unarmed Combat
  8979 | D:10     | Found a white marble altar of Elyvilon.
  9077 | D:10     | Found a sparkling altar of Nemelex Xobeh.
  9199 | D:11     | Found a staircase to the Orcish Mines.
  9300 | D:11     | Found a frozen archway.
  9310 | IceCv    | Entered an ice cave
  9366 | IceCv    | Noticed a death yak
  9367 | IceCv    | Noticed a death yak
  9382 | IceCv    | Killed a death yak
  9401 | IceCv    | Killed a death yak
  9532 | IceCv    | Noticed a death yak
  9533 | IceCv    | Noticed a death yak
  9535 | IceCv    | Noticed a death yak
  9565 | IceCv    | Killed a death yak
  9572 | IceCv    | Killed a death yak
  9576 | IceCv    | Killed a death yak
  9577 | IceCv    | Reached skill level 13 in Unarmed Combat
  9779 | IceCv    | Noticed a death yak
  9779 | IceCv    | Noticed a frost giant
 10066 | IceCv    | Noticed a death yak
 10078 | IceCv    | Reached XP level 12. HP: 110/119 MP: 11/11
 10082 | IceCv    | Killed a death yak
 10107 | IceCv    | Noticed a death yak
 10126 | IceCv    | Killed a death yak
 10165 | IceCv    | Noticed a death yak
 10181 | IceCv    | Killed a death yak
 10198 | IceCv    | Noticed a death yak
 10207 | IceCv    | Noticed a death yak
 10219 | IceCv    | Killed a death yak
 10225 | IceCv    | Killed a death yak
 10312 | IceCv    | Killed a death yak
 10327 | IceCv    | Killed a frost giant
 10327 | IceCv    | Reached *** piety under Wu Jian
 10506 | D:11     | Noticed a two-headed ogre
 10514 | D:11     | Killed a two-headed ogre
 10515 | D:11     | Reached skill level 14 in Unarmed Combat
 11044 | D:11     | Found a staircase to the Lair.
 11892 | D:12     | Noticed a two-headed ogre
 11896 | D:12     | Killed a two-headed ogre
 11897 | D:12     | Reached skill level 10 in Shields
 12044 | D:12     | Reached XP level 13. HP: 131/131 MP: 12/12
 12185 | Lair:1   | Entered Level 1 of the Lair of Beasts
 12253 | Lair:1   | Reached **** piety under Wu Jian
 12442 | Lair:1   | Reached skill level 15 in Unarmed Combat
 12635 | Lair:1   | Identified the +2 steam dragon scales of Zeor Zuh {SInv}
 13080 | Lair:2   | Reached ***** piety under Wu Jian
 13323 | Lair:2   | Found a white marble altar of Elyvilon.
 13485 | Lair:2   | Identified the +3 leather armour "Zetaenli" {Regen+}
 14052 | Lair:3   | Found a gate leading to a gauntlet.
 14117 | Gauntlet | Entered a Gauntlet
 14117 | Gauntlet | Found a transporter.
 14117 | Gauntlet | Found a transporter.
 14118 | Gauntlet | Found a transporter.
 14121 | Gauntlet | Found a transporter.
 14121 | Gauntlet | Found a transporter.
 14121 | Gauntlet | Found a transporter.
 14141 | Gauntlet | Found a transporter.
 14145 | Gauntlet | Found a transporter.
 14156 | Gauntlet | Found a transporter.
 14156 | Gauntlet | Found a transporter.
 14168 | Gauntlet | Found a transporter.
 14171 | Gauntlet | Found a transporter.
 14392 | Gauntlet | Reached skill level 10 in Fighting
 14436 | Gauntlet | Reached skill level 16 in Unarmed Combat
 14470 | Gauntlet | Reached XP level 14. HP: 143/143 MP: 13/13
 14478 | Gauntlet | Identified the ring "Qejinuv" {Will+ rCorr Str+2}
 14525 | Gauntlet | Identified the +3 chain mail "Tyggyng" {+Inv Will- rCorr}
 14611 | Gauntlet | Identified the +2 cloak "Baematy" {rF+ Regen+ Str+3}
 14875 | Lair:3   | Slain by a komodo dragon

Illustrated notes

Levels and vault maps discovered:
D:1:      dpeg_arrival_houses_and_road, layout_loops_ring, serial_shops, shop,
          basic_ecumenical_altar, wander_ebering_terrifying_dragon_lair
D:2:      layout_basic, hangedman_abyss_or_decor_lesser_grid
D:3:      layout_loops_ring, zin_statuary, serial_shops, shop
D:4:      cheibrodos_fertilizer, layout_basic
D:5:      layout_basic
D:6:      layout_gridville, minmay_temple_entry_from_below_a,
          cheibrodos_sewer_entry_bend, ebering_dispersal_statue_hall
D:7:      layout_basic, tso_oasis_becter, enter_bailey_4,
          dreamdust_gnoll_shepherd
D:8:      layout_basic, nzn_wu_jian_contemplation, mainiacjoe_overflow_alcove_2,
          uniq_gastronok
D:9:      layout_irregular_city, kennysheep_small_circle
D:10:     layout_roguey, nicolae_qazlal_style_of_elements,
          mainiacjoe_overflow_catwalk, mainiacjoe_overflow_catch_the_wave,
          serial_shops, nicolae_diamond_shop
D:11:     layout_irregular_city, erik_lair_dragon, orc_0_dummy,
          portal_ice_cave_entry_pillars_1
D:12:     layout_long_grid, st_stairs_7
Temple:   dpeg_chambers_temple
Lair:1:   layout_misc_corridors, grunt_megastairs_3
Lair:2:   nzn_winding_woodlands_three_and_one
          [nzn_winding_woodlands_5x15_pathside_ponds,
          nzn_winding_woodlands_5x15_twine, nzn_winding_woodlands_5x15_crooked,
          nzn_winding_woodlands_center_triple_pond], layout_chaotic_city,
          basic_altar
Lair:3:   layout_cave_pods, palyth_hydra_swamp_entry,
          hellmonk_spider_entry_life_and_decay, gauntlet_entry_generic

Skill      XL: |  1  2  3  4  5  6  7  8  9 10 11 12 13 14 |
---------------+-------------------------------------------+-----
Shields        | 3 4 5 6 7 9 10 11 | 11.1
Unarmed Combat | 3 4 5 6 8 10 11 13 14 16 | 16.3
Fighting       | 3 4 5 6 7 8 9 10 | 10.2
Dodging        | 4 5 6 7 8 9 |  9.0

Action                   |  1- 3 |  4- 6 |  7- 9 | 10-12 | 13-15 || total
-------------------------+-------+-------+-------+-------+-------++-------
Melee: Unarmed           |   125 |    99 |   424 |   552 |   470 ||  1670
Throw: Dart              |       |       |       |     4 |     3 ||     7
Invok: Lunge             |       |       |       |    34 |    22 ||    56
       Whirlwind         |       |       |       |    34 |    70 ||   104
  Use: Scroll            |     3 |     1 |    12 |     7 |     3 ||    26
       Potion            |       |       |     9 |     5 |     7 ||    21
 Stab: Sleeping          |       |       |     1 |       |       ||     1
Armor: Robe              |    42 |    38 |    96 |    42 |       ||   218
       Acid dragon scale |       |       |       |   172 |   158 ||   330
       Skin              |       |       |       |       |   102 ||   102
Dodge: Dodged            |    41 |    33 |   152 |   178 |   146 ||   550
Block: Kite shield       |    49 |    44 |   159 |   257 |   228 ||   737
